 Dungeon Crawl Stone Soup version 0.25.0-9-g26727b6 (webtiles) character file.

Game seed: 15667991950159090825

3624 shmeve the Fighter (level 9, -4/127 HPs)
             Began as a Minotaur Berserker on June 19, 2020.
             Was an Elder of Trog.
             Killed from afar by Erica (11 damage)
             ... with a bolt of poison
             ... on level 8 of the Dungeon on June 20, 2020.
             The game lasted 00:15:37 (5709 turns).

shmeve the Fighter (Minotaur Berserker)             Turns: 5709, Time: 00:15:38

Health: -4/127     AC:  4    Str: 24    XL:     9   Next: 87%
Magic:  8/8        EV:  9    Int:  5    God:    Trog [****..]
Gold:   168        SH:  0    Dex: 10    Spells: 8/8 levels left

rFire    . . .     SeeInvis .   J - +0 hand axe (freeze)
rCold    . . .     Gourm    .   (no shield)
rNeg     + . .     Faith    .   K - +0 plate armour
rPois    .         Spirit   .   (helmet restricted)
rElec    .         Reflect  .   v - +0 cloak
rCorr    .         Harm     .   r - +0 pair of gloves
MR       +++..                  w - +0 pair of boots
Stlth    ..........             d - amulet of regeneration
HPRegen  1.71/turn              p - ring of protection from magic
MPRegen  0.11/turn              z - ring of positive energy

@: berserking, lethally poisoned (-4 -> -6), corroded, regenerating, very quick
A: retaliatory headbutt, horns 2
a: Berserk, Trog's Hand, Brothers in Arms, Renounce Religion


You were on level 8 of the Dungeon.
You worshipped Trog.
Trog was greatly pleased with you.
You were near starving.

You visited 2 branches of the dungeon, and saw 9 of its levels.

You collected 408 gold pieces.
You spent 240 gold pieces at shops.

Inventory:

Hand Weapons
 a - a +0 hand axe
 J - a +0 hand axe of freezing (weapon)
Armour
 r - a +0 pair of gloves (worn)
 v - a +0 cloak (worn)
 w - a +0 pair of boots (worn)
 K - a +0 plate armour (worn)
Jewellery
 d - an amulet of regeneration (around neck)
 p - a ring of protection from magic (left hand)
 t - an uncursed ring of protection from cold {unknown}
 z - a ring of positive energy (right hand)
Wands
 A - a wand of flame (15)
 C - a wand of acid (11)
 H - a wand of iceblast (4)
Scrolls
 e - 4 scrolls of remove curse {unknown}
 g - 3 scrolls of identify
 k - a scroll of amnesia {unknown}
 l - a scroll of random uselessness {unknown}
 m - 2 scrolls of blinking
 o - a scroll of fog {unknown}
 y - 2 scrolls of teleportation
 B - a scroll of summoning {unknown}
 D - a scroll of enchant weapon
 E - 2 scrolls of immolation {unknown}
Potions
 b - a potion of mutation {unknown}
 f - 3 potions of cancellation
 h - a potion of invisibility {unknown}
 i - 3 potions of might
 n - a potion of lignification {unknown}
 q - a potion of heal wounds {unknown}
 s - 5 potions of curing
 u - a potion of flight {unknown}
 x - a potion of berserk rage {unknown}
 F - a potion of ambrosia {unknown}
 I - a potion of haste {unknown}
Comestibles
 c - 15 rations
 j - 7 chunks of flesh


   Skills:
 * Level 9.8 Fighting
 * Level 9.7 Axes
 + Level 5.2 Throwing
 + Level 6.8 Armour
 + Level 6.1 Dodging


You had 8 spell levels left.
You didn't know any spells.
Your spell library was empty.

Dungeon Overview and Level Annotations

Branches:
Dungeon (8/15)             Temple (1/1) D:7
   Lair: D:8-11

Altars:
Cheibriados
Elyvilon
Kikubaaqudgha
Okawaru
Trog
Yredelemnul
The Shining One

Shops:
D:5 ?*   D:6 [

Annotations:
D:8 Erica


Innate Abilities, Weirdness & Mutations

You reflexively headbutt those who attack you in melee.
You have a pair of horns on your head.


Message History

The bolt of acid hits you!
* * * LOW HITPOINT WARNING * * *
The acid corrodes you!
You are splashed with acid!
* * * LOW HITPOINT WARNING * * *
A red film seems to cover your vision as you go berserk!
You feel yourself moving faster!
You feel mighty!
You are near starving!
You hear some strange, mumbled words.
A bolt of poison appears from out of thin air!
The bolt of poison hits you!
You are poisoned.
* * * LOW HITPOINT WARNING * * *
You hit something but do no damage.
You feel sick.
Your plate armour prevents you from hitting something.
Your headbutt misses something.
You feel sick.
You hear some strange, mumbled words.
A bolt of poison appears from out of thin air!
The bolt of poison hits you!
You are more poisoned.
You die...

....# ......# #.... ##.
.............. #.. ...
..............##.###..
.#....... ..........
.##........ .....#..
.###........ #...#.### .
.#..........##...#...####..
................@{...Z.....
#.......##..%.............#
#.......####...........###
........# ##........####
........# #...........##
#..#....# ##...........#..
#.##....####...............
#.###...#.#...>......###...
.....................# ..


You could see a leopard gecko zombie.

Vanquished Creatures
  The ghost of dickylongcocking the Stinger, an amateur NaVM (D:4)
  A vampire (D:8)
  Sigmund (D:3)
  A hungry ghost (D:6)
  Menkaure (D:5)
  A sky beast (D:5)
  2 orc warriors
  2 ice beasts (D:6)
  An ogre (D:5)
  2 centaurs
  5 bullfrogs
  A wyvern skeleton (D:6)
  2 scorpions (D:5)
  A water moccasin skeleton (D:4)
  3 wights (D:7)
  6 killer bees (D:8)
  An electric eel (D:6)
  2 howler monkeys
  4 crimson imps
  A jelly (D:6)
  2 hounds
  A centaur skeleton (D:7)
  A bullfrog skeleton (D:4)
  4 orc priests
  9 orc wizards
  Jessica (D:3)
  An iguana (D:5)
  6 worker ants
  A hound skeleton (D:5)
  Robin (D:3)
  A worker ant zombie (D:5)
  9 adders
  4 shadow imps
  An adder skeleton (D:5)
  An adder zombie (D:8)
  2 dart slugs (D:4)
  2 leopard geckos (D:4)
  33 orcs
  9 bats
  6 giant cockroaches
  5 hobgoblins
  7 jackals
  6 kobolds
  3 quokkas
  4 frilled lizards
  16 goblins
  A jackal skeleton (D:5)
  5 rats
181 creatures vanquished.

Notes
Turn   | Place    | Note
-------+----------+-------------------------------------------
     0 | D:1      | shmeve the Minotaur Berserker began the quest for the Orb.
     0 | D:1      | Reached XP level 1. HP: 19/19 MP: 0/0
   376 | D:1      | Reached XP level 2. HP: 27/27 MP: 1/1
  1117 | D:2      | Reached XP level 3. HP: 23/33 MP: 2/2
  1179 | D:2      | Reached skill level 1 in Throwing
  1256 | D:2      | Reached ** piety under Trog
  1377 | D:2      | Found a basalt altar of Yredelemnul.
  1849 | D:3      | Found a bloodstained altar of Trog.
  1916 | D:3      | Noticed Sigmund
  1921 | D:3      | Killed Sigmund
  1921 | D:3      | Reached skill level 5 in Fighting
  1921 | D:3      | Reached skill level 5 in Axes
  1921 | D:3      | Reached XP level 4. HP: 42/42 MP: 3/3
  1921 | D:3      | Reached XP level 5. HP: 48/48 MP: 4/4
  1987 | D:3      | Reached XP level 6. HP: 37/56 MP: 5/5
  2178 | D:3      | Noticed Jessica
  2190 | D:3      | Killed Jessica
  2235 | D:3      | Noticed Robin
  2252 | D:3      | Killed Robin
  2578 | D:4      | Reached XP level 7. HP: 63/63 MP: 6/6
  2627 | D:4      | Found a white marble altar of Elyvilon.
  2646 | D:4      | Found a runed translucent door.
  2661 | D:4      | Noticed dickylongcocking's ghost (amateur NaVM)
  2669 | D:4      | Killed dickylongcocking's ghost
  3102 | D:4      | Found a snail-covered altar of Cheibriados.
  3130 | D:5      | Entered Level 5 of the Dungeon
  3160 | D:5      | Reached *** piety under Trog
  3215 | D:5      | Found a glowing golden altar of the Shining One.
  3268 | D:5      | Reached XP level 8. HP: 54/73 MP: 7/7
  3435 | D:5      | Reached skill level 5 in Armour
  3569 | D:5      | Noticed Menkaure
  3584 | D:5      | Killed Menkaure
  3765 | D:5      | Found Roami's Magic Scroll Shop.
  3772 | D:5      | Bought a scroll of enchant weapon for 90 gold pieces
  3772 | D:5      | Bought a scroll of identify for 24 gold pieces
  3772 | D:5      | Bought a scroll of blinking for 90 gold pieces
  3772 | D:5      | Bought a scroll of teleportation for 36 gold pieces
  3856 | D:5      | Found Egui's Assorted Antiques.
  4037 | D:6      | Reached skill level 5 in Dodging
  4047 | D:6      | Reached XP level 9. HP: 82/82 MP: 8/8
  4050 | D:6      | Reached **** piety under Trog
  4247 | D:6      | Found Emyakhim's Antique Armour Shoppe.
  4756 | D:7      | Found a staircase to the Ecumenical Temple.
  4768 | Temple   | Entered the Ecumenical Temple
  5037 | D:7      | Found an ancient bone altar of Kikubaaqudgha.
  5520 | D:8      | Reached skill level 5 in Throwing
  5617 | D:8      | Found an iron altar of Okawaru.
  5696 | D:8      | Noticed Erica
  5709 | D:8      | Killed from afar by Erica

Illustrated notes

Levels and vault maps discovered:
D:1:      dpeg_arrival_round_b, layout_loops_corners, minmay_tetromino_t2
D:2:      layout_basic, yredelemnul_altar_generic
D:3:      layout_loops_ring, bloody_trog, first_ration, uniq_robin,
          uniq_jessica, uniq_sigmund
D:4:      layout_cave_pools, elyvilon_altar_5, kennysheep_little_box,
          ebering_ghost_reflecting_pool
D:5:      layout_rooms, lemuel_crystal_altar, serial_shops, shop,
          nicolae_shop_crystal, uniq_menkaure
D:6:      layout_basic, serial_bayou, serial_bayou_pond_c, serial_bayou_pond_b,
          serial_bayou_pond_d, serial_bayou_crossing, serial_shops,
          shop_fountains
D:7:      layout_loops_ring, nicolae_overflow_crystal_walls,
          minmay_temple_entry_junction
D:8:      layout_cave_pools, okawaru_trees_1, uniq_erica
Temple:   regret_index_temple_waves

Skill      XL: |  1  2  3  4  5  6  7  8  9 |
---------------+----------------------------+-----
Fighting       | 4 5 6 7 8 9 |  9.8
Axes           | 4 5 6 7 8 9 |  9.7
Throwing       | 1 2 3 4 5 |  5.2
Armour         | 3 4 5 6 |  6.8
Dodging        | 3 4 5 6 |  6.1

Action                   |  1- 3 |  4- 6 |  7- 9 || total
-------------------------+-------+-------+-------++-------
Melee: Hand axe          |    89 |    63 |   286 ||   438
       Headbutt          |    10 |    10 |    67 ||    87
Throw: Boomerang         |       |       |    13 ||    13
Invok: Berserk           |     1 |     1 |     8 ||    10
       Trog's Hand       |       |     1 |     4 ||     5
  Use: Scroll            |       |       |     9 ||     9
 Stab: Distracted        |       |     1 |       ||     1
  Eat: Chunk             |     3 |     4 |    16 ||    23
       Ration            |       |       |     1 ||     1
Armor: Animal skin       |     5 |       |       ||     5
       Scale mail        |    33 |    32 |    68 ||   133
       Chain mail        |       |       |    47 ||    47
       Plate armour      |       |       |    24 ||    24
Dodge: Dodged            |    70 |    52 |   160 ||   282
